cohdb
Replays
Latest Replays
All Replays
Popular Replays
Top Player Replays
Match Explorer
How It Works
Community
CoH3 Stats
Reddit
Sign in to upload your games and track your stats! →
Sign in with Steam
Match 42841020
Unlisted
Match 42841020
Overview
Messages
Build Orders
End
Construct Section Command Post
Selects Canadian Shock Battlegroup
Infantry Section
Dingo Light Scout Car
Selects Attacking Spirit
Selects Canadian Shock Section
Canadian Shock Section
Construct Platoon Command Post
Grenade Package
Selects Incendiary Munitions
Canadian Shock Section
Infantry Training
Selects Pyrotechnics
Construct Company Command Post
Foot Guards Section
Unlock Towed 17-pounder Anti-tank Guns
17-pounder Anti-tank Gun Team
Vickers Machine Gun Team
Team Weapon Training
Selects Churchill Crocodile Heavy Tank
Churchill Crocodile Heavy Tank
Royal Engineer Section
Unlock M3 Grant Medium Tanks
Selects Point Assault
Üc207Pr4f57t9
bigmac
Trump Blesses America
Kittisaktiyanan
Space5
zaro
Team saupiquet
Rashomon
0
0
Comments
sign in to comment!
No comments posted yet!